 Dungeon Crawl Stone Soup version 0.27.1-34-g3ba077fa99 (webtiles) character file.

Game seed: 12960560924084861303

2659 Lega the Cleaver (level 9, -4/81 HPs)
             Began as a Minotaur Monk on Jan 6, 2022.
             Was a Priest of Wu Jian.
             Slain by a two-headed ogre (11 damage)
             ... on level 7 of the Dungeon.
             The game lasted 01:08:23 (6040 turns).

Lega the Cleaver (Minotaur Monk)                    Turns: 6040, Time: 01:08:24

Health: -4/81      AC: 13    Str: 18    XL:     9   Next: 36%
Magic:  17/17      EV:  8    Int:  7    God:    Wu Jian [***...]
Gold:   380        SH:  5    Dex: 14    Spells: 8/8 levels left

rFire    . . .     SeeInvis .   n - +3 morningstar (holy)
rCold    . . .     Faith    .   l - +0 buckler
rNeg     . . .     Spirit   .   s - +0 plate armour
rPois    .         Reflect  .   (helmet restricted)
rElec    .         Harm     .   (no cloak)
rCorr    .         Rampage  .   (no gloves)
Will     .....                  (no boots)
Stlth    ..........             h - amulet of regeneration
HPRegen  1.23/turn              A - ring of magical power
MPRegen  0.15/turn              (no ring)

@: exhausted
A: horns 2, retaliatory headbutt
a: Renounce Religion, Wall Jump, Serpent's Lash


You were on level 7 of the Dungeon.
You worshipped Wu Jian.
Wu Jian was most pleased with you.
You visited 2 branches of the dungeon, and saw 8 of its levels.
You also visited: Ossuary.

You collected 380 gold pieces.

Inventory:

Hand Weapons
 a - a +1 hand axe
 d - a +0 flail
 i - a +0 spear
 n - a +3 morningstar of holy wrath (weapon)
 q - a +1 mace of draining
 r - a +0 spear
 v - a +0 shortbow
 x - a +0 shortbow
 y - a +0 mace of draining
 D - a +0 mace of holy wrath
Missiles
 e - 2 large rocks
 f - 52 sling bullets
 o - 8 boomerangs
 w - 48 arrows
Armour
 b - a +0 robe
 g - a +0 ring mail
 j - a +1 scale mail
 l - a +0 buckler (worn)
 s - a +0 plate armour (worn)
Jewellery
 h - an amulet of regeneration (around neck)
 u - a ring of wizardry
 A - a ring of magical power (left hand)
Wands
 p - a wand of flame (24) (quivered)
Scrolls
 t - a scroll of noise
 C - a scroll of blinking
 E - a scroll of teleportation
 F - a scroll of holy word
Potions
 c - a potion of heal wounds
 k - 3 potions of attraction
 m - 4 potions of curing
 z - 2 potions of invisibility
 B - a potion of ambrosia {unknown}


   Skills:
 - Level 7.9 Fighting
 - Level 8.0 Axes
 - Level 7.6 Armour
 - Level 7.6 Dodging
 - Level 1.5 Stealth
 + Level 4.1 Shields


You had 8 spell levels left.
You didn't know any spells.
Your spell library contained the following spells:

 Spells                   Type           Power      Damage    Failure   Level
 Call Canine Familiar     Summ           0%         N/A       100%        3
 Portal Projectile        Hex/Tloc       0%         N/A       100%        3
 Leda's Liquefaction      Hex/Erth       0%         N/A       100%        4


Dungeon Overview and Level Annotations

Branches:
Dungeon (7/15)             Temple (1/1) D:4         Ossuary (visited)

Altars:
Ashenzari
Dithmenos
Elyvilon
Fedhas
Gozag
Hepliaklqana
Kikubaaqudgha
Nemelex Xobeh
Okawaru
Qazlal
Sif Muna
Trog
Vehumet
Wu Jian
Xom
Yredelemnul
Zin
The Shining One


Innate Abilities, Weirdness & Mutations

You have a pair of horns on your head.
You reflexively headbutt those who attack you in melee.


Message History

You thump the kobold zombie!
You destroy the kobold zombie!
The Council accepts your kill.
There is an open door here.
There is a gate leading back out of this place here.
Welcome back to the Dungeon!
The two-headed ogre hits you with a +0 dire flail!
The two-headed ogre hits you with a +0 giant club!
There is a collapsed entrance, spattered with blood here.
Your muscles tense, ready for explosive movement...
You completely miss the two-headed ogre.
The two-headed ogre hits you with a +0 dire flail.
The two-headed ogre hits you with a +0 giant club!
You spin to attack the two-headed ogre, but your attack speed is too slow for a blow to land.
You see here a scroll of identify.
You spin and attack the two-headed ogre, with incredible momentum.
You sock the two-headed ogre!
The two-headed ogre is moderately wounded.
Your supernatural speed expires.
You spin and attack the two-headed ogre.
You puncture the two-headed ogre! You headbutt the two-headed ogre.
The two-headed ogre is heavily wounded.
You see here a scroll of identify.
You spin and attack the two-headed ogre.
You barely miss the two-headed ogre. You headbutt the two-headed ogre.
The two-headed ogre is severely wounded.
The two-headed ogre hits you with a +0 dire flail!
The two-headed ogre hits you with a +0 giant club!
* * * LOW HITPOINT WARNING * * *
Aiming: Wall Jump
Press: ? - help, Dir - move target The two-headed ogre hits you with a +0 dire flail!
* * * LOW HITPOINT WARNING * * *
The two-headed ogre hits you with a +0 giant club!
* * * LOW HITPOINT WARNING * * *
You feel much better.
The two-headed ogre hits you with a +0 dire flail!!
* * * LOW HITPOINT WARNING * * *
The two-headed ogre hits you with a +0 giant club!
You die...

.............#
.............##.....
######..................#
.....$..................#
.......#................#
..<.......#.............#
............###+#.......#
........?.#.............#
.....#.O@.....#........#
........°......#........#
#########....###........#
###### ##.#####.# #).#
##.## #..# ##.## .#
#..##.#


You could see a two-headed ogre.

Vanquished Creatures
  Prince Ribbit (D:5)
  Menkaure (D:5)
  A water moccasin (D:6)
  Duvessa (D:5)
  An orc warrior (D:7)
  A black bear (D:6)
  2 ice beasts
  3 sky beasts
  An ogre (D:5)
  2 centaurs (D:5)
  A water moccasin zombie (D:6)
  Dowan (D:5)
  A water moccasin skeleton (D:4)
  3 centaur zombies
  5 orc priests
  6 hounds
  A jelly (D:4)
  A human zombie (Ossuary)
  A bullfrog skeleton (D:6)
  A gnoll shaman (D:5)
  2 iguanas
  5 orc wizards
  2 mummies (Ossuary)
  17 gnolls
  6 adders
  An adder zombie (Ossuary)
  An adder skeleton (D:4)
  2 worms
  2 dart slugs (D:3)
  23 orcs
  6 ball pythons
  4 endoplasms
  4 giant cockroaches
  5 goblins
  9 hobgoblins
  8 jackals
  4 quokkas
  5 bats
  3 frilled lizards
  3 goblin zombies (Ossuary)
  10 hobgoblin zombies (Ossuary)
  A jackal zombie (Ossuary)
  4 kobolds
  10 kobold zombies (Ossuary)
  6 orc zombies (Ossuary)
  9 rats
  3 rat zombies (Ossuary)
  A spectral orc (D:7)
191 creatures vanquished.

Vanquished Creatures (others)
  23 plants (D:5)
23 creatures vanquished.

Grand Total: 214 creatures vanquished

Notes
Turn   | Place    | Note
-------+----------+-------------------------------------------
     0 | D:1      | Lega the Minotaur Monk began the quest for the Orb.
     0 | D:1      | Reached XP level 1. HP: 19/19 MP: 0/0
   365 | D:1      | Reached XP level 2. HP: 27/27 MP: 1/1
   525 | D:1      | Found a faded altar of an unknown god.
   537 | D:1      | Reached skill level 4 in Axes
   569 | D:1      | Became a worshipper of Sif Muna the Loreminder
   569 | D:1      | Reached * piety under Sif Muna
   569 | D:1      | Reached ** piety under Sif Muna
   571 | D:1      | Fell from the grace of Sif Muna
  1056 | D:1      | You fall into a shaft and drop 1 floor!
  1056 | D:2      | Found a shimmering altar of Xom.
  1072 | D:2      | Reached XP level 3. HP: 32/35 MP: 2/2
  1210 | D:2      | Reached skill level 5 in Fighting
  1283 | D:2      | Reached XP level 4. HP: 37/42 MP: 1/3
  2179 | D:3      | Reached XP level 5. HP: 36/50 MP: 4/4
  2260 | D:3      | Reached skill level 5 in Axes
  2763 | D:4      | Found a staircase to the Ecumenical Temple.
  2818 | Temple   | Entered the Ecumenical Temple
  3146 | Temple   | Became a worshipper of the Wu Jian Council
  3234 | D:4      | Reached XP level 6. HP: 38/60 MP: 5/5
  3381 | D:4      | Reached skill level 6 in Axes
  3405 | D:4      | Reached skill level 1 in Armour
  3670 | D:4      | Reached XP level 7. HP: 56/67 MP: 6/6
  3917 | D:5      | Entered Level 5 of the Dungeon
  4173 | D:5      | Reached * piety under Wu Jian
  4179 | D:5      | Reached skill level 5 in Armour
  4247 | D:5      | Noticed Prince Ribbit
  4247 | D:5      | Noticed Duvessa
  4247 | D:5      | Noticed Dowan
  4259 | D:5      | Killed Duvessa
  4294 | D:5      | Killed Prince Ribbit
  4295 | D:5      | Reached XP level 8. HP: 63/74 MP: 7/7
  4364 | D:5      | Killed Dowan
  4545 | D:5      | Noticed Menkaure
  4569 | D:5      | Killed Menkaure
  4570 | D:5      | Reached skill level 5 in Dodging
  4592 | D:5      | Was forgiven by Sif Muna
  4985 | D:6      | Reached skill level 7 in Axes
  5401 | D:6      | Reached XP level 9. HP: 72/81 MP: 8/8
  5411 | D:6      | Reached ** piety under Wu Jian
  5581 | D:7      | Found a basalt altar of Yredelemnul.
  5653 | D:7      | Reached skill level 8 in Axes
  5735 | D:7      | Reached skill level 1 in Shields
  5767 | D:7      | Found a sand-covered staircase.
  5771 | D:7      | Noticed a two-headed ogre
  5777 | Ossuary  | Entered an ossuary
  5852 | Ossuary  | Reached *** piety under Wu Jian
  6040 | D:7      | Slain by a two-headed ogre

Illustrated notes

Levels and vault maps discovered:
D:1:      minmay_arrival_solitary_statue, layout_basic,
          hellmonk_ecumenical_altar_crossroads
D:2:      layout_basic, basic_altar
D:3:      layout_basic
D:4:      layout_rooms, minmay_temple_entry_mini_moons, wad_orctagon
D:5:      layout_rooms, serial_bayou_lagoon_b, uniq_prince_ribbit1,
          uniq_menkaure, uniq_duvessa
D:6:      layout_loops_cross
D:7:      layout_basic, yredelemnul_forgotten_temple_becter,
          nicolae_ossuary_entry_ruins, uniq_crazy_yiuf_cottage
Temple:   regret_index_temple_sphere_string

Skill      XL: |  1  2  3  4  5  6  7  8  9 |
---------------+----------------------------+-----
Fighting       | 4 5 6 7 |  7.9
Axes           | 4 5 6 7 8 |  8.0
Armour         | 2 7 |  7.6
Dodging        | 6 7 |  7.6
Shields        | 4 |  4.1
Stealth        | |  1.5

Action                   |  1- 3 |  4- 6 |  7- 9 || total
-------------------------+-------+-------+-------++-------
Melee: Hand axe          |    90 |   105 |       ||   195
       Headbutt          |     9 |    24 |    38 ||    71
       Morningstar       |       |    63 |   262 ||   325
       Spear             |       |     5 |       ||     5
Throw: Boomerang         |       |       |     3 ||     3
Invok: Renounce Religion |     1 |       |       ||     1
       Lunge             |       |     1 |     8 ||     9
       Whirlwind         |       |       |    75 ||    75
       Serpent's Lash    |       |       |     2 ||     2
 Abil: Wall Jump         |       |       |     5 ||     5
Evoke: Wand              |       |       |    17 ||    17
  Use: Potion            |     3 |     2 |     5 ||    10
       Scroll            |     2 |     7 |     7 ||    16
 Stab: Sleeping          |     1 |       |       ||     1
Armor: Robe              |     5 |       |       ||     5
       Ring mail         |    24 |     5 |       ||    29
       Scale mail        |       |    54 |       ||    54
       Plate armour      |       |     6 |   165 ||   171
Dodge: Dodged            |    72 |   101 |    90 ||   263
Block: Buckler           |       |       |    27 ||    27
